AoeStats
← Guido166

Arena

510614569Analyzed
1v1 RM · 1d ago on Oct 1, 2026· 68m 37s· 2 players
Game mode
Random Map
Map size
Tiny (2 player)
Population
200
Speed
Normal
Resources
Standard
Victory
Conquest
Starting age
Dark Age
Ending age
Imperial Age
RankedLock teamsTeams togetherTeam positionsShared explorationLock speedFull tech treeHidden civsTurbo modeCheats
Victory
Defeat
🇦🇷 Spanish · Argentina
1051
+18
🇪🇸 Sicilians · Spain
1099
-18
Guido166
9:38 Loom
11:25 Feudal Age
29:53 Castle Age
28:38 Gold Mining
28:39 Double-Bit Axe
29:40 Scale Barding Armor
34:42 Fortified Wall
40:25 Chain Barding Armor
41:46 Bloodlines
42:44 Husbandry
46:48 Horse Collar
52:59 Imperial Age
52:11 Forging
52:27 Stone Mining
52:50 Elite Skirmisher
53:08 Cavalier
56:44 Chemistry
55:45 Fletching
58:49 Ballistics
64:50 Padded Archer Armor
egoitzmd
6:05 Loom
25:22 Feudal Age
25:54 Town Watch
29:13 Castle Age
27:26 Gold Mining
29:39 Bloodlines
31:09 Scale Mail Armor
31:20 Forging
31:03 Gambesons
32:40 Gambesons
33:24 Pikeman
34:12 Squires
37:02 Wheelbarrow
37:44 Double-Bit Axe
39:23 Hand Cart
39:09 Town Patrol
44:09 Imperial Age
44:52 Bow Saw
44:27 Horse Collar
48:17 Iron Casting
47:58 Chain Mail Armor
48:50 Conscription
48:43 Halberdier
50:59 Gold Shaft Mining
51:40 Blast Furnace
56:25 Plate Mail Armor
56:27 Elite Serjeant
64:23 Scale Barding Armor
64:37 Cavalier
65:17 Husbandry
68:12 Chain Barding Armor
Connection lost

Rejoining the realm…

Still unreachable

The connection could not be restored.

Session expired

The server has moved on; the page needs a fresh start.